 Dungeon Crawl Stone Soup version 0.30.0-17-ge0270778cf (webtiles) character file.

Game seed: 6132231249989612394

28 cheesebisquit the Caller (level 3, 0/24 HPs)
             Began as a Merfolk Summoner on May 21, 2023.
             Succumbed to a kobold's poison
             ... on level 2 of the Dungeon.
             The game lasted 00:06:49 (1361 turns).

cheesebisquit the Caller (Merfolk Summoner)         Turns: 1361, Time: 00:06:49

Health: 0/24       AC:  2    Str:  8    XL:     3   Next: 12%
Magic:  4/6        EV: 12    Int: 16    God:
Gold:   43         SH:  0    Dex: 14    Spells: 4/7 levels left

rFire   . . .        (no weapon)
rCold   . . .        (no shield)
rNeg    . . .        a - +0 robe
rPois   .            (no helmet)
rElec   .            (no cloak)
rCorr   .            (no gloves)
SInv    .            (no boots)
Will    .....        (no amulet)
Stlth   ++           (no ring)
HPRegen 0.24/turn    (no ring)
MPRegen 0.10/turn

%: no passive effects
@: mighty, lethally poisoned (0 -> -1)
A: (nimble swimmer 2), mertail, low MP 1
a: no special abilities


You were on level 2 of the Dungeon.
You visited 1 branch of the dungeon, and saw 2 of its levels.

You collected 43 gold pieces.

Inventory:

Armour
 a - a +0 robe (worn)
Scrolls
 e - a scroll of brand weapon {unknown}
 g - a scroll of noise {unknown}
 h - a scroll of identify {unknown}
Potions
 b - a potion of magic


   Skills:
 - Level 2.6 Dodging
 - Level 2.1 Stealth
 + Level 2.7 Spellcasting
 + Level 4.5 Summonings


You had 4 spell levels left.
You knew the following spells:

 Your Spells              Type           Power      Damage    Failure   Level
a - Summon Small Mammal   Summ           64%        N/A       3%          1
b - Call Imp              Summ           32%        N/A       4%          2

Your spell library contained the following spells:

 Spells                   Type           Power      Damage    Failure   Level
 Call Canine Familiar     Summ           16%        N/A       9%          3
 Summon Guardian Golem    Hex/Summ       9%         N/A       22%         3
 Animate Armour           Summ/Erth      18%        N/A       58%         4
 Summon Lightning Spire   Summ/Air       9%         N/A       58%         4
 Blade Hands              Tmut           1%         N/A       99%         5
 Iron Shot                Conj/Erth      1%         9d1       100%        6


Dungeon Overview and Level Annotations

Branches:
Dungeon (2/15)

Altars:


Innate Abilities, Weirdness & Mutations

((You are very nimble when in or above water. (Stealth+, EV+, Speed+++)))
Your lower body shifts to a powerful aquatic tail in water.
Your magical capacity is low. (-10% MP)


Message History

* * * LOW HITPOINT WARNING * * *
You feel very sick.
Your quokka dies!
Your quokka's corpse disappears in a puff of smoke!
The adder misses your quokka.
The endoplasm hits your quokka but does no damage.
Your quokka closely misses the adder.
Your cerulean imp hits the adder with a -3 spear.
It was a potion of mutation.
You feel extremely strange.
You feel less energetic.
* * * LOW HITPOINT WARNING * * *
You feel sick. The adder bites your quokka.
Your quokka is poisoned.
The adder poisons your quokka! The endoplasm hits your quokka.
Your quokka bites the adder.
Your cerulean imp closely misses the adder.
* * * LOW HITPOINT WARNING * * *
You feel sick. The adder bites your quokka.
Your quokka looks even sicker.
The adder poisons your quokka!
Your quokka misses the adder. The endoplasm hits your quokka.
The adder barely misses your quokka.
Your cerulean imp closely misses the adder.
* * * LOW HITPOINT WARNING * * *
You feel sick.
Your quokka closely misses the adder.
The adder bites your quokka.
Your quokka dies!
Your quokka's corpse disappears in a puff of smoke!
Your cerulean imp closely misses the adder.
There is an open door here.
* * * LOW HITPOINT WARNING * * *
You feel sick.
You see here 5 stones.
* * * LOW HITPOINT WARNING * * *
You feel sick.
* * * LOW HITPOINT WARNING * * *
You feel sick.
As you read the scroll labelled OSUHAU HEUCRO, it crumbles to dust.
You feel aware of your surroundings.
You sensed 1 altar.
It was a scroll of magic mapping.
You die...

#.# #.# #.# #.# #.#
##.######*******
#.........,,,,,*
*****#######.#.#######.#*,**
,,*,,...........@.......,,,*
*,*,,#...##.....######+##***
*,,,,#.#.....##(#...#...#[!*
*,,*,,,#..##....'.†J5.†..!$*
,,,*,,..........#...#...#)!*
*****################*###***


There were no monsters in sight!

Vanquished Creatures
  A giant cockroach (D:1)
  A rat (D:1)
2 creatures vanquished.

Vanquished Creatures (collateral kills)
  9 bats
  3 endoplasms (D:2)
  2 giant cockroaches
  2 goblins (D:1)
  A quokka (D:1)
  A ball python (D:2)
  A frilled lizard (D:1)
  3 kobolds
  2 rats (D:1)
24 creatures vanquished.

Grand Total: 26 creatures vanquished

Notes
Turn   | Place    | Note
-------+----------+-------------------------------------------
     0 | D:1      | cheesebisquit the Merfolk Summoner began the quest for the
                  | Orb.
     0 | D:1      | Reached XP level 1. HP: 13/13 MP: 3/3
   346 | D:1      | Reached XP level 2. HP: 14/19 MP: 1/5
   761 | D:1      | Found a faded altar of an unknown god.
  1049 | D:2      | Learned a level 2 spell: Call Imp
  1256 | D:2      | Reached XP level 3. HP: 24/24 MP: 3/6
  1355 | D:2      | Gained mutation: Your magical capacity is low. (-10% MP)
                  | [potion of mutation]
  1360 | D:2      | HP: 1/24 [poisoned by a kobold]
  1361 | D:2      | Succumbed to a kobold's poison

Illustrated notes

Levels and vault maps discovered:
D:1:      lemuel_arrival_funnel, layout_loops_ring,
          hellmonk_ecumenical_altar_crossroads
D:2:      minmay_thinvault, layout_loops_ring, basic_altar,
          hangedman_decor_peaks_small

Action                     || total
---------------------------++-------
  Melee: Unarmed           ||    57
         Punch             ||     1
   Cast: Summon Small Mamm ||    39
         Call Imp          ||     6
    Use: Potion            ||     2
         Scroll            ||     1
   Stab: Distracted        ||     1
         Sleeping          ||     1
 Armour: Robe              ||    18
  Dodge: Dodged            ||    56
